 Dungeon Crawl Stone Soup version 0.20.1-1-g8b1a95d (webtiles) character file.

7906 homeworkjunkie the Cleaver (level 11, -7/97 HPs)
             Began as a Hill Orc Fighter on Dec 2, 2017.
             Was a High Priest of Okawaru.
             Mangled by a two-headed ogre
             ... wielding a +0 giant club
              (11 damage)
             ... on level 8 of the Dungeon.
             The game lasted 00:24:25 (8581 turns).

homeworkjunkie the Cleaver (Hill Orc Fighter)       Turns: 8581, Time: 00:24:25

Health: -7/97      AC: 20    Str: 32    XL:     11   Next: 22%
Magic:  12/12      EV:  8    Int: 11    God:    Okawaru [*****.]
Gold:   585        SH: 13    Dex: 11    Spells: 10/10 levels left

rFire    . . .     SeeInvis .   v - -2 war axe (curse)
rCold    . . .     Gourm    .   c - +0 shield
rNeg     . . .     Faith    .   e - +2 chain mail
rPois    .         Spirit   .   s - +0 hat {Int+3}
rElec    .         Reflect  .   (no cloak)
rCorr    .         Harm     .   A - +0 pair of gloves
MR       +....     Clarity  +   (no boots)
Stlth    ..........             (no amulet)
Regen    0.3/turn               k - +5 ring of strength
MPRegen  0.2/turn               b - +6 ring of protection

@: mighty
A: clarity, magic resistance 1
a: Heroism, Finesse, Renounce Religion


You were on level 8 of the Dungeon.
You worshipped Okawaru.
Okawaru was extremely pleased with you.
You were not hungry.

You visited 2 branches of the dungeon, and saw 11 of its levels.

You collected 585 gold pieces.

Inventory:

Hand Weapons
 a - a +0 war axe
 o - a +3 hand axe of flaming
 v - a cursed -2 war axe (weapon)
Armour
 c - a +0 shield (worn)
 e - a +2 chain mail (worn)
 s - a +0 hat of intelligence (worn)
 A - a +0 pair of gloves (worn)
Jewellery
 b - a +6 ring of protection (right hand)
 k - a +5 ring of strength (left hand)
 l - an uncursed ring of fire
Wands
 n - a wand of lightning (8/15)
 t - a wand of disintegration (9/24)
 u - a wand of acid (8/15)
 y - a wand of digging (17/24)
Scrolls
 d - a scroll of fear
 g - a scroll of enchant armour
 h - 10 scrolls of identify
 j - 4 scrolls of recharging
 r - 4 scrolls of magic mapping
Potions
 m - 2 potions of mutation
 x - 2 potions of haste
 z - a potion of flight
Comestibles
 f - 9 bread rations
 p - 2 meat rations


   Skills:
 * Level 9.5 Fighting
 * Level 13.0 Axes
 * Level 9.0 Armour
 + Level 1.6 Dodging
 + Level 1.0 Stealth
 * Level 9.5 Shields
 + Level 1.4 Evocations


You had 10 spell levels left.
You didn't know any spells.

Dungeon Overview and Level Annotations

Branches:
Dungeon (10/15)            Temple (1/1) D:6
   Lair: D:8-11         Orc: D:9-12

Altars:
Ashenzari
Cheibriados
Dithmenos
Fedhas
Gozag
Kikubaaqudgha
Makhleb
Nemelex Xobeh
Okawaru
Qazlal
Ru
Sif Muna
Trog
Uskayaw
Vehumet
Xom
Zin
The Shining One

Shops:
D:7 (


Innate Abilities, Weirdness & Mutations

You possess an exceptional clarity of mind.
You are resistant to hostile enchantments. (MR+)


Message History

You slash the two-headed ogre!
The two-headed ogre is moderately wounded.
The two-headed ogre hits you but does no damage.
The two-headed ogre hits you with a giant club!
* * * LOW HITPOINT WARNING * * *
Your shield and chain mail prevent you from hitting the two-headed ogre.
The two-headed ogre is moderately wounded.
You block the two-headed ogre's attack.
The two-headed ogre hits you but does no damage.
You slash the two-headed ogre!
The two-headed ogre is heavily wounded.
You slash the two-headed ogre!
The two-headed ogre is heavily wounded.
The two-headed ogre hits you but does no damage.
The two-headed ogre hits you with a giant club!
* * * LOW HITPOINT WARNING * * *
You closely miss the two-headed ogre.
The two-headed ogre is heavily wounded.
The two-headed ogre hits you with a giant club!
You die...

#.# #.# #)# #..
#.# #.. #.# #.#
#.## #.# #$.# #.#
#@.# #.# #O.# #.#
#..# #.# #..# #.#
###########..#
#.# # #..#
#<...........#
##.## # ..#
#######.#########
#...### .##
#..........#
#...... #
#..#######.#
####.####.


You could see a two-headed ogre.

Vanquished Creatures
  Gastronok (D:9)
  2 two-headed ogres (D:9)
  Pikel (D:6)
  A hippogriff (D:7)
  6 yaks (D:9)
  Menkaure (D:6)
  A water moccasin (D:8)
  2 orc warriors
  3 slaves (D:6)
  3 ice beasts
  A black bear (D:8)
  2 ogres (D:6)
  The ghost of homeworkjunkie the Chopper, an amateur HOFi (D:4)
  2 centaurs
  Blork the orc (D:6)
  7 bullfrogs
  3 scorpions
  6 killer bees (D:9)
  3 howler monkeys
  3 crimson imps
  3 centaur zombies
  A bullfrog zombie (D:6)
  A jelly (D:9)
  4 bullfrog skeletons
  4 hounds
  3 centaur skeletons
  3 orc priests
  5 orc wizards
  3 iguanas
  5 worker ants
  A hound zombie (D:8)
  7 adders
  9 gnolls
  An ooze (D:2)
  3 adder skeletons
  2 worms (D:4)
  3 dart slugs
  2 leopard geckos
  22 orcs
  11 bats
  2 giant cockroaches
  9 goblins
  7 hobgoblins
  5 jackals
  4 kobolds
  5 quokkas
  4 ball pythons
  9 frilled lizards
  A giant cockroach zombie (D:6)
  A leopard gecko skeleton (D:4)
  A leopard gecko zombie (D:7)
  10 rats
201 creatures vanquished.

Vanquished Creatures (others)
  A slave (D:6)
1 creature vanquished.

Grand Total: 202 creatures vanquished

Notes
Turn   | Place    | Note
-------+----------+-------------------------------------------
     0 | D:1      | homeworkjunkie the Hill Orc Fighter began the quest for the Orb.
     0 | D:1      | Reached XP level 1. HP: 19/19 MP: 1/1
   130 | D:1      | Reached XP level 2. HP: 22/27 MP: 2/2
   200 | D:2      | Reached skill level 3 in Axes
   200 | D:2      | Reached XP level 3. HP: 26/33 MP: 3/3
   438 | D:2      | Reached XP level 4. HP: 40/40 MP: 4/4
   618 | D:4      | Noticed a centaur
   622 | D:4      | Reached skill level 4 in Axes
   630 | D:4      | Killed a centaur
   630 | D:4      | Reached XP level 5. HP: 28/47 MP: 5/5
   635 | D:4      | Reached skill level 5 in Axes
   674 | D:5      | Entered Level 5 of the Dungeon
   674 | D:5      | Found a glowing silver altar of Zin.
  1039 | D:5      | Reached skill level 5 in Fighting
  1039 | D:5      | Reached XP level 6. HP: 23/56 MP: 6/6
  1434 | D:4      | Noticed homeworkjunkie's ghost (amateur HOFi)
  1467 | D:3      | Found a shadowy altar of Dithmenos.
  1467 | D:3      | Found a glowing golden altar of the Shining One.
  1555 | D:3      | Found a snail-covered altar of Cheibriados.
  1555 | D:3      | Found a deep blue altar of Sif Muna.
  1555 | D:3      | Found a radiant altar of Vehumet.
  1732 | D:3      | Found a blossoming altar of Fedhas.
  3129 | D:4      | Killed homeworkjunkie's ghost
  3129 | D:4      | Reached skill level 6 in Axes
  3129 | D:4      | Reached skill level 5 in Armour
  3129 | D:4      | Reached XP level 7. HP: 38/61 MP: 7/7
  3607 | D:8      | Reached skill level 5 in Shields
  3661 | D:7      | Reached skill level 7 in Axes
  3679 | D:7      | Got a translucent ring mail
  3691 | D:7      | Identified the +0 ring mail "Gujous" {rN+} (You found it on level 7 of the Dungeon)
  3736 | D:7      | Reached XP level 8. HP: 70/70 MP: 8/8
  3844 | D:6      | Noticed Menkaure
  3866 | D:6      | Killed Menkaure
  4122 | D:6      | Reached skill level 8 in Axes
  4172 | D:5      | Gained mutation: You are resistant to hostile enchantments. (MR+) [potion of mutation]
  4172 | D:5      | Gained mutation: You possess an exceptional clarity of mind. [potion of mutation]
  4415 | D:6      | Noticed Pikel
  4446 | D:6      | Killed Pikel
  4446 | D:6      | Reached skill level 9 in Axes
  4446 | D:6      | Reached XP level 9. HP: 60/78 MP: 9/9
  4699 | D:6      | Found a staircase to the Ecumenical Temple.
  4708 | Temple   | Entered the Ecumenical Temple
  4860 | Temple   | Became a worshipper of Warmaster Okawaru
  4902 | D:6      | Found a stormy altar of Qazlal.
  4956 | D:6      | Noticed Blork the orc
  4970 | D:6      | Killed Blork the orc
  4970 | D:6      | Reached skill level 1 in Dodging
  5630 | D:7      | Reached * piety under Okawaru
  5630 | D:7      | Reached skill level 10 in Axes
  5725 | D:7      | Reached skill level 1 in Stealth
  5812 | D:7      | Found Hamoqon's Weapon Shop.
  6577 | D:10     | Entered Level 10 of the Dungeon
  6636 | D:9      | Reached XP level 10. HP: 88/88 MP: 10/10
  6722 | D:9      | Reached skill level 11 in Axes
  6904 | D:9      | Noticed a two-headed ogre
  7196 | D:9      | Noticed Gastronok
  7214 | D:9      | Killed Gastronok
  7214 | D:9      | Reached ** piety under Okawaru
  7214 | D:9      | Reached *** piety under Okawaru
  7461 | D:9      | Reached skill level 12 in Axes
  7728 | D:9      | Noticed a two-headed ogre
  7736 | D:9      | Killed a two-headed ogre
  7736 | D:9      | Reached **** piety under Okawaru
  7736 | D:9      | Reached skill level 1 in Evocations
  8118 | D:9      | Reached XP level 11. HP: 88/97 MP: 11/11
  8378 | D:9      | Killed a two-headed ogre
  8425 | D:8      | Reached ***** piety under Okawaru
  8443 | D:8      | Found a shattered altar of Ashenzari.
  8499 | D:8      | Reached skill level 13 in Axes
  8558 | D:8      | Noticed a death yak
  8561 | D:8      | Noticed a two-headed ogre
  8580 | D:8      | HP: 4/97 [two-headed ogre/giant club (11)]
  8581 | D:8      | Mangled by a two-headed ogre

Skill      XL: |  1  2  3  4  5  6  7  8  9 10 11 |
---------------+----------------------------------+-----
Fighting       | 4 5 6 7 9 |  9.5
Axes           | 3 4 5 6 7 9 10 12 13 | 13.0
Armour         | 4 5 6 7 8 9 |  9.0
Shields        | 4 5 6 8 9 |  9.5
Dodging        | 1 |  1.6
Stealth        | 1 |  1.0
Evocations     | 1 |  1.4

Action                   |  1- 3 |  4- 6 |  7- 9 | 10-12 || total
-------------------------+-------+-------+-------+-------++-------
Melee: War axe           |    74 |       |     7 |   148 ||   229
       Hand axe          |     7 |   143 |   293 |       ||   443
Evoke: Wand              |       |       |       |    13 ||    13
  Use: Potion            |     3 |     3 |     7 |     3 ||    16
       Scroll            |     2 |     6 |    13 |     2 ||    23
  Eat: Meat ration       |     1 |       |     1 |     1 ||     3
       Fruit             |       |     4 |     6 |       ||    10
       Royal jelly       |       |       |     1 |     1 ||     2
Armor: Scale mail        |    35 |    45 |     1 |       ||    81
       Chain mail        |       |       |   111 |    88 ||   199
Dodge: Dodged            |    26 |    52 |    70 |    41 ||   189
Block: Shield            |    32 |    71 |   147 |   103 ||   353
